 Dungeon Crawl Stone Soup version 0.23.2-33-g5129a83 (webtiles) character file.

Game seed: 12346073515035797915

194 technought the Skirmisher (level 5, -18/45 (46) HPs)
             Began as a Ghoul Fighter on Aug 7, 2019.
             Engulfed by a cloud of flame (21 damage)
             ... on level 2 of the Dungeon.
             The game lasted 00:01:48 (490 turns).

technought the Skirmisher (Ghoul Fighter)            Turns: 490, Time: 00:01:49

HP:   -18/45 (46)   AC:  6    Str: 25    XL:     5   Next: 73%
MP:   4/4           EV:  8    Int:  8    God:
Gold: 83            SH:  9    Dex:  8    Spells: 4/4 levels left

rFire    . . .     SeeInvis .   a - +2 rapier
rCold    + . .     Gourm    .   c - +0 shield
rNeg     + + +     Faith    .   b - +0 scale mail
rPois    ∞         Spirit   .   (no helmet)
rElec    .         Reflect  .   (no cloak)
rCorr    .         Harm     .   (no gloves)
MR       .....                  (no boots)
Stlth    ..........             (no amulet)
HPRegen  0.00/turn              k - +4 ring of strength
MPRegen  0.09/turn              (no ring)

@: brilliant, rotting
A: rotting body, claws 1, carnivore, cold resistance 1, negative energy
resistance 3, inhibited regeneration, torment resistance, unbreathing
a: no special abilities


You were on level 2 of the Dungeon.
You were not hungry.

You visited 1 branch of the dungeon, and saw 2 of its levels.

You collected 83 gold pieces.

Inventory:

Hand Weapons
 a - a +2 rapier (weapon)
Armour
 b - a +0 scale mail (worn)
 c - a +0 shield (worn)
Jewellery
 k - a +4 ring of strength (left claw)
Potions
 d - a potion of might
 i - a potion of cancellation {unknown}
 j - a potion of haste {unknown}
 l - a potion of curing
Comestibles
 f - 2 rations


   Skills:
 + Level 4.2 Fighting
 + Level 3.0 Short Blades
 + Level 3.5 Armour
 + Level 1.1 Dodging
 + Level 3.6 Shields


You had 4 spell levels left.
You didn't know any spells.
Your spell library was empty.

Dungeon Overview and Level Annotations

Branches:
Dungeon (2/15)

Altars:


Innate Abilities, Weirdness & Mutations

Your body is rotting away.
You thrive on raw meat.
You are immune to poison.
You have sharp fingernails.
You are carnivorous and can eat meat at any time.
Your flesh is cold resistant. (rC+)
You are immune to negative energy. (rN+++)
You do not regenerate when monsters are visible.
You are immune to unholy pain and torment.
You can survive without breathing.


Message History

You block the hobgoblin's attack. You block Sigmund's attack.
You aren't carrying any scrolls.
You puncture the hobgoblin!
The hobgoblin explodes!
The fiery explosion engulfs Sigmund!!!
Sigmund explodes!
The fiery explosion engulfs the adder!!!
The adder explodes!
Your Short Blades skill increases to level 2!
Your Fighting skill increases to level 4!
Your Short Blades skill increases to level 3!
Your Dodging skill increases to level 1!
You have reached level 4!
You have reached level 5!
You feel stronger. The fiery explosion engulfs you!!!
Ouch! That really hurt!
* * * LOW HITPOINT WARNING * * *
You are engulfed in blazing flames.
You die...

.....=....# ....
..........##....
............%...
...%%w#......$..
##..........w...
..%...§§§....^.#
.S@...§§§.g.....
#§§§†......
#<#@.......
.................
.##...%######...#
#.... ### ......
...#### ... ..


You could see a worm (inner flame), a dart slug (inner flame) and a goblin
(inner flame).

Vanquished Creatures
  Sigmund (D:2)
  An adder (D:2)
  A dart slug (D:1)
  A leopard gecko (D:2)
  2 bats (D:1)
  5 goblins (D:1)
  4 hobgoblins
  A frilled lizard (D:1)
  5 kobolds (D:1)
  A rat (D:1)
22 creatures vanquished.

Vanquished Creatures (others)
  A quokka (D:2)
1 creature vanquished.

Grand Total: 23 creatures vanquished

Notes
Turn   | Place    | Note
-------+----------+-------------------------------------------
     0 | D:1      | technought the Ghoul Fighter began the quest for the Orb.
     0 | D:1      | Reached XP level 1. HP: 19/19 MP: 0/0
   150 | D:1      | Reached XP level 2. HP: 21/26 MP: 1/1
   482 | D:2      | Noticed Sigmund
   487 | D:2      | Reached XP level 3. HP: 30/30 MP: 2/2
   490 | D:2      | Killed Sigmund
   490 | D:2      | Reached skill level 4 in Fighting
   490 | D:2      | Reached skill level 1 in Dodging
   490 | D:2      | Reached XP level 4. HP: 39/39 MP: 3/3
   490 | D:2      | Reached XP level 5. HP: 45/45 MP: 4/4
   490 | D:2      | Engulfed by a cloud of flame

Skill      XL: |  1  2  3 |
---------------+----------+-----
Armour         | 3 |  3.5
Shields        | 3 |  3.6
Short Blades   | 3 |  3.0
Fighting       | 4 |  4.2
Dodging        | 1 |  1.1

Action                   |  1- 3 |  4- 6 || total
-------------------------+-------+-------++-------
Melee: Rapier            |    60 |       ||    60
  Use: Scroll            |     6 |       ||     6
       Potion            |     1 |       ||     1
  Eat: Chunk             |     9 |       ||     9
Armor: Scale mail        |    11 |       ||    11
Dodge: Dodged            |    12 |       ||    12
Block: Shield            |    31 |       ||    31
